 Dungeon Crawl Stone Soup version 0.31-a0-1074-g0b22e4e0f1 (webtiles) character file.

Game seed: 16516082029117981481

7 grandjackal the Charlatan (level 2, -1/22 HPs)
             Began as a Djinni Artificer on Nov 29, 2023.
             Slain by a goblin
             ... wielding a +0 dagger
              (3 damage)
             ... on level 1 of the Dungeon.
             The game lasted 00:00:39 (115 turns).

grandjackal the Charlatan (Djinni Artificer)         Turns: 115, Time: 00:00:39

Health: -1/22      AC:  3    Str: 11    XL:     2   Next: 10%
Gold:   25         EV: 11    Int: 12    God:
                   SH:  0    Dex: 13

rFire   + + .        a - +0 club
rCold   x . .        (no shield)
rNeg    . . .        b - +0 leather armour
rPois   ∞            (no helmet)
rElec   .            (no cloak)
rCorr   .            (no gloves)
SInv    .            (boots unavailable)
Will    .....        (no amulet)
Stlth   +            (no ring)
HPRegen 0.23/turn    (no ring)
MPRegen 0.00/turn

%: infuse magic (-2 HP)
@: confused, flying
A: sickness immunity, fire resistance 2, cold vulnerability 1, float, innate
caster, HP casting, extra vitality 1
a: no special abilities


You were on level 1 of the Dungeon.
You visited 1 branch of the dungeon, and saw 2 of its levels.

You collected 25 gold pieces.

Inventory:

Hand Weapons
 a - a +0 club (weapon)
Armour
 b - a +0 leather armour (worn)
Wands
 c - a wand of flame (15) (quivered)
 d - a wand of charming (15)
 e - a wand of iceblast (5)


   Skills:
 + Level 1.4 Fighting
 - Level 1.0 Armour
 - Level 2.1 Dodging
 - Level 0.7 Stealth
 + Level 0.5 Spellcasting
 + Level 0.5 Conjurations
 + Level 0.5 Hexes
   Level 0.0 Charms
 + Level 0.5 Summonings
 + Level 0.5 Necromancy
 + Level 0.5 Translocations
 + Level 0.5 Transmutations
 + Level 0.5 Fire Magic
 + Level 0.5 Ice Magic
 + Level 0.5 Air Magic
 + Level 0.5 Earth Magic
 + Level 0.5 Poison Magic
 - Level 3.0 Evocations You didn't know any spells. Your spell library was empty.

Dungeon Overview and Level Annotations

Branches:
Dungeon (2/15)

Altars:


Innate Abilities, Weirdness & Mutations

You are immune to sickness and miasma.
You are immune to poison.
Your flesh is very heat resistant. (rF++)
You are vulnerable to cold. (rC-)
You float through the air rather than walking.
You learn spells naturally, not from books.
Your magical power is your life essence.
You have superior vitality. (+4 MHP)


Message History

Found 11 gold pieces.
Found a stone staircase leading up.
The goblin attacks as it pursues you! The goblin hits you with a +0 club.
The goblin attacks as it pursues you! The goblin closely misses you.
A rat comes into view.
The orc wizard shouts!
You hear a shout!
The orc wizard gestures at you while chanting.
You are confused.
Found a lumpy pink potion.
A goblin comes into view. It is wielding a +0 dagger.
The orc wizard hits you with a +0 dagger.
The goblin attacks as it pursues you! The goblin hits you with a +0 club.
There is a stone staircase leading up here.
The orc wizard closely misses you.
The goblin unwields a +0 dagger.
The goblin wields a +0 sling.
The goblin shoots a sling bullet.
The sling bullet hits you but does no damage.
The goblin closely misses you. The goblin barely misses you.
You fly upwards.
Found a scroll labelled LEINYF GOGOIRU.
There is a stone staircase leading down here.
You aren't carrying any potions.
You're too confused to move!
A hobgoblin comes into view.
The orc wizard points at you and mumbles some strange words.
You are more confused.
The goblin hits you with a +0 dagger.
* * * LOW HITPOINT WARNING * * *
The goblin closely misses you. The goblin barely misses you.
The hobgoblin shouts!
You hit the goblin.
The goblin is severely wounded.
The orc wizard casts a spell at you.
The puff of flame hits you but does no damage.
You resist. The goblin barely misses you. The goblin hits you with a +0 club.
* * * LOW HITPOINT WARNING * * *
You barely miss the orc wizard.
The orc wizard hits you with a +0 dagger.
* * * LOW HITPOINT WARNING * * *
The goblin hits you with a +0 dagger.
You die...

#.... .................
..#....#......[.........#
..#..[....#..#...........
.................?......#
.......#..#..............
#..........$.......g...
#...........gg.......
#...........@o......#
#......#..####..##...
###>...#.##.## #.##
..............###.#
###.....##.)......##
#...###.....K....####
#...# #..............
#... #..[....#Kg### #..##
##.....b.g>..#


You could see an orc wizard, a hobgoblin and 2 goblins.

Vanquished Creatures
  A dart slug (D:1)
  A ball python (D:2)
  An endoplasm (D:1)
  A goblin (D:1)
  A rat (D:1)
5 creatures vanquished.

Notes
Turn   | Place    | Note
-------+----------+-------------------------------------------
     0 | D:1      | grandjackal the Djinni Artificer began the quest for the
                  | Orb.
     0 | D:1      | Reached XP level 1. HP: 17/17 MP: 0/0
    62 | D:1      | Reached XP level 2. HP: 18/22 MP: 0/0
   115 | D:1      | Slain by a goblin

Illustrated notes

Levels and vault maps discovered:
D:1:      nicolae_arrival_washed_ashore, layout_rooms, serial_shops,
          nicolae_shop_advertising_works [nicolae_subvault_shop_adworks],
          nrook_mini_backslash, minivault_11
D:2:      minmay_door_path, layout_rooms

Action                     || total
---------------------------++-------
  Melee: Club              ||    17
 Armour: Leather armour    ||    31
  Dodge: Dodged            ||    28

Table legend: (Time is in decaauts)
 A = Elapsed time spent in this place.
 B = Non-inter-level travel time spent in this place.
 C = Inter-level travel time spent in this place.
 D = Time resting spent in this place.
 E = Time spent auto-exploring this place.
 F = Levels seen in this place.
 G = Mean time per level.
                   A        B        C        D        E       F      G
               +--------+--------+--------+--------+--------+-----+--------+
         Total |    119 |    119 |      0 |      0 |     32 |   2 |   59.5 |
       Dungeon |    119 |    119 |      0 |      0 |     32 |   2 |   59.5 |
               +--------+--------+--------+--------+--------+-----+--------+

Top non-repeatable levels by time:
     D:1: 89 daAuts
     D:2: 30 daAuts
